Map: 2000 Atmospheres LE

Players

WololoWanana

  • Race: Zerg Zerg
  • League: Diamond

ViBE - Winner!

  • Race: Protoss Protoss
  • League: Master

VOD

Have the link to the VOD?

Description

Time

  • Played on: Jan. 15, 2022, 2:27 a.m.
  • Length: 4:14
Show
View Real Time Build Order
Export as new Build Order

WololoWanana Zerg 

Build Orders: Hatch First 

Get SALT Encoding   

  12  0:00  Drone  
  13  0:12  Overlord  
  13  0:16  Drone  
  14  0:30  Drone x2  
  16  0:48  Hatchery  
  15  0:52  Drone  
  15  0:54  Drone  
  17  0:59  Drone  
  18  1:13  Spawning Pool  
  18  1:16  Drone  
  18  1:19  Drone  
  19  1:28  Drone  
  20  1:38  Drone  
  21  1:45  Hatchery  
  20  1:49  Drone  
  21  2:01  Queen  
  23  2:07  Queen  
  25  2:09  Drone  
  26  2:17  Overlord  
  26  2:21  Drone x2  
  28  2:36  Zergling x8  
  32  2:39  Queen  
  34  2:46  Overlord  
  34  2:52  Drone, Extractor x2  
  34  2:54  Drone  
  34  2:55  Drone  
  35  3:02  Drone  
  36  3:08  Drone x3  
  39  3:19  Drone  
  40  3:21  Queen  
  40  3:23  Drone x5  
  47  3:33  Zergling x4  
  43  3:54  Drone x8  
Show
View Real Time Build Order
Export as new Build Order

ViBE Protoss - Winner!

Build Orders: 1 Gate Expand 

Get SALT Encoding   

  12  0:00  Probe  
  13  0:12  Probe  
  14  0:19  Pylon  
  14  0:24  Probe  
  15  0:37  Probe (Chrono Boost), Gateway  
  16  0:44  Assimilator  
  16  0:49  Probe (Chrono Boost)  
  17  0:53  Probe (Chrono Boost)  
  18  1:04  Probe  
  19  1:16  Probe  
  20  1:24  Nexus  
  20  1:36  Cybernetics Core  
  20  1:39  Probe  
  21  1:44  Assimilator  
  21  1:51  Probe  
  21  1:52  Pylon  
  22  2:02  Probe  
  23  2:09  Adept (Chrono Boost)  
  23  2:11  Probe  
  23  2:12  Warp Gate  
  26  2:19  Probe  
  26  2:23  Pylon  
  26  2:29  Probe  
  27  2:32  Adept  
  30  2:37  Probe (Chrono Boost)  
  30  2:41  Twilight Council  
  32  2:44  Probe (Chrono Boost)  
  33  2:53  Probe (Chrono Boost)  
  33  2:57  Gateway  
  33  2:58  Probe (Chrono Boost)  
  34  3:05  Adept  
  36  3:06  Probe  
  36  3:11  Gateway  
  37  3:17  Robotics Facility  
  37  3:18  Probe  
  38  3:21  Probe  
  39  3:39  Probe  
  39  3:40  Probe  
  41  3:56  Probe x2  
Tags
 
Add a new tag
Caveats
  • Supply blocks, unpowered buildings, or Contaminate may cause inaccurate times.
  • Supply counts are checked every 10 seconds.